 Dungeon Crawl Stone Soup version 0.20.2-3-g29329e0561 (webtiles) character file.

2403 Alfie the Archer (level 9, 0/79 HPs)
             Began as a Minotaur Hunter on Aug 24, 2020.
             Slain by a killer bee (5 damage)
             ... on level 7 of the Dungeon.
             The game lasted 00:17:46 (4540 turns).

Alfie the Archer (Minotaur Hunter)                  Turns: 4540, Time: 00:17:48

Health: 0/79       AC:  6    Str: 19    XL:     9   Next: 23%
Magic:  8/8        EV: 12    Int:  8    God:
Gold:   297        SH:  0    Dex: 12    Spells: 8/8 levels left

rFire    . . .     SeeInvis .   b - +1 short sword
rCold    . . .     Gourm    .   (no shield)
rNeg     . . .     Faith    .   g - +1 ring mail
rPois    .         Spirit   .   (helmet restricted)
rElec    .         Reflect  .   (no cloak)
rCorr    .         Harm     .   (no gloves)
MR       .....                  (no boots)
Stlth    +.........             (no amulet)
Regen    0.3/turn               (no ring)
MPRegen  0.2/turn               (no ring)

@: lethally poisoned (0 -> -11)
A: retaliatory headbutt, horns 2
a: no special abilities


You were on level 7 of the Dungeon.
You were not hungry.

You visited 1 branch of the dungeon, and saw 7 of its levels.

You collected 297 gold pieces.

Inventory:

Hand Weapons
 a - a +1 shortbow
 b - a +1 short sword (weapon)
Armour
 g - a +1 ring mail (worn)
Jewellery
 l - an uncursed ring of protection from cold
 n - an uncursed ring of flight
 o - an uncursed amulet of magic regeneration {unknown}
 u - an uncursed ring of fire {unknown}
Wands
 j - a wand of polymorph (13/24)
 v - a wand of confusion (12/48)
Scrolls
 c - 2 scrolls of enchant armour
 i - 8 scrolls of remove curse
 t - a scroll of magic mapping
 x - a scroll of blinking {unknown}
 y - a scroll of identify
Potions
 e - 2 potions of mutation {unknown}
 h - a potion of ambrosia {unknown}
 q - 2 potions of lignification {unknown}
 r - a potion of might {unknown}
 w - 2 potions of agility
 A - a potion of heal wounds
 B - a potion of brilliance
 C - a potion of curing
Books
 m - a book of Callings

   Spells                             Type                      Level
   a - Summon Small Mammal            Summoning                    1
   b - Call Imp                       Summoning                    2
   c - Call Canine Familiar           Summoning                    3
   d - Summon Guardian Golem          Hexes/Summoning              3
   e - Summon Lightning Spire         Summoning/Air                4
   f - Summon Ice Beast               Ice/Summoning                4
 z - a book of Cantrips

   Spells                             Type                      Level
   a - Confusing Touch                Hexes                        1
   b - Animate Skeleton               Necromancy                   1
   c - Summon Small Mammal            Summoning                    1
   d - Apportation                    Translocation                1
Comestibles
 f - 4 bread rations
 p - 3 meat rations


   Skills:
 + Level 7.5 Fighting
 + Level 0.9 Short Blades
 + Level 11.4 Bows
 + Level 4.1 Armour
 + Level 3.4 Dodging
 + Level 1.1 Stealth


You had 8 spell levels left.
You didn't know any spells.

Dungeon Overview and Level Annotations

Branches:
Dungeon (7/15)             Temple (0/1) D:6

Altars:
Cheibriados
Nemelex Xobeh
Ru
Xom
Zin


Innate Abilities, Weirdness & Mutations

You reflexively headbutt those who attack you in melee.
You have a pair of horns on your head.


Message History

You closely miss the killer bee. You headbutt the killer bee!
The killer bee is severely wounded.
You feel sick. The killer bee barely misses you. You furiously retaliate!
You headbutt the killer bee!
You kill the killer bee!
Your life force feels restored.
The killer bee stings you.
* * * LOW HITPOINT WARNING * * *
You hit the killer bee but do no damage.
You feel sick. The killer bee stings you!
* * * LOW HITPOINT WARNING * * *
You are lethally poisoned!
The killer bee poisons you! The killer bee barely misses you.
You hit the killer bee.
The killer bee is lightly wounded.
* * * LOW HITPOINT WARNING * * *
You feel sick. The killer bee closely misses you. You furiously retaliate!
You headbutt the killer bee, but do no damage.
The killer bee stings you.
You die...

... .... ### ....###..
........# ..............
....._......####### ## .# #
.....((.......zz.. ....# .#
..(.(..((.###########..# .#
#....(###yy@)..........###.#
#.....# ########....#.#....#
#.....#### #...)# +....#
#<).o..# #....###...##
#.o.?..# #....+.....).
yyo....# #....##....##
.....Z..# #.#####....##
l#.#.....# #.# ##..... ....
....... #.# ###.##


You could see 2 killer bees.

Vanquished Creatures
  2 orc warriors (D:6)
  A sky beast (D:5)
  An ice beast (D:7)
  2 phantoms
  The ghost of Alfie the Shooter, an amateur MiHu (D:4)
  An ogre (D:6)
  A centaur (D:7)
  2 bullfrogs
  2 scorpions
  4 killer bees
  2 wights (D:7)
  5 crimson imps
  A bullfrog zombie (D:6)
  4 jellies
  2 hounds
  An orc priest (D:6)
  2 gnoll shamans (D:7)
  A centaur skeleton (D:5)
  2 iguanas
  3 orc wizards
  6 worker ants
  A worker ant zombie (D:5)
  7 adders
  8 gnolls (D:7)
  2 shadow imps
  11 oozes
  2 adder zombies
  2 adder skeletons (D:6)
  2 worms
  4 dart slugs
  2 leopard geckos
  19 orcs
  2 ball pythons (D:2)
  6 bats
  5 giant cockroaches
  8 hobgoblins
  7 jackals
  A frilled lizard (D:2)
  4 goblins
  13 kobolds
  A rat (D:1)
  A toadstool (D:4)
154 creatures vanquished.

Vanquished Creatures (others)
  6 fungi (D:4)
  7 toadstools (D:4)
13 creatures vanquished.

Grand Total: 167 creatures vanquished

Notes
Turn   | Place    | Note
-------+----------+-------------------------------------------
     0 | D:1      | Alfie the Minotaur Hunter began the quest for the Orb.
     0 | D:1      | Reached XP level 1. HP: 18/18 MP: 0/0
   264 | D:1      | Reached XP level 2. HP: 11/25 MP: 1/1
   348 | D:1      | Reached skill level 5 in Bows
   656 | D:2      | You fall through a shaft!
   661 | D:3      | Reached XP level 3. HP: 29/30 MP: 2/2
   802 | D:2      | Reached XP level 4. HP: 37/37 MP: 3/3
   999 | D:2      | Reached skill level 1 in Armour
  1954 | D:3      | Reached skill level 6 in Bows
  2211 | D:4      | Reached XP level 5. HP: 45/45 MP: 4/4
  2305 | D:4      | Noticed Alfie's ghost (amateur MiHu)
  2324 | D:4      | Killed Alfie's ghost
  2324 | D:4      | Reached skill level 1 in Stealth
  2324 | D:4      | Reached XP level 6. HP: 18/51 MP: 5/5
  2326 | D:4      | Reached skill level 7 in Bows
  2655 | D:4      | Reached skill level 8 in Bows
  2655 | D:4      | Reached XP level 7. HP: 54/59 MP: 6/6
  2790 | D:4      | Found a glowing silver altar of Zin.
  2889 | D:5      | Entered Level 5 of the Dungeon
  3139 | D:5      | Found a sacrificial altar of Ru.
  3361 | D:5      | Reached skill level 9 in Bows
  3401 | D:5      | Reached skill level 5 in Fighting
  3547 | D:6      | Found a shimmering altar of Xom.
  3622 | D:6      | Found a staircase to the Ecumenical Temple.
  3637 | D:6      | Reached XP level 8. HP: 29/68 MP: 7/7
  3777 | D:6      | Reached skill level 10 in Bows
  4096 | D:6      | Found a sparkling altar of Nemelex Xobeh.
  4189 | D:7      | Found a snail-covered altar of Cheibriados.
  4307 | D:7      | Reached skill level 11 in Bows
  4430 | D:7      | Reached XP level 9. HP: 28/79 MP: 8/8
  4540 | D:7      | Slain by a killer bee

Skill      XL: |  1  2  3  4  5  6  7  8  9 |
---------------+----------------------------+-----
Bows           | 5 6 8 9 11 | 11.4
Armour         | 1 2 3 4 |  4.1
Fighting       | 3 4 5 7 |  7.5
Stealth        | 1 |  1.1
Dodging        | 3 |  3.4
Short Blades   | |  0.9

Action                   |  1- 3 |  4- 6 |  7- 9 || total
-------------------------+-------+-------+-------++-------
Melee: Short sword       |    29 |       |    18 ||    47
       Headbutt          |     2 |       |     4 ||     6
 Fire: Shortbow          |    66 |   190 |   351 ||   607
Throw: Tomahawk          |       |       |     3 ||     3
  Use: Scroll            |     1 |     5 |     5 ||    11
       Potion            |       |     5 |     1 ||     6
  Eat: Fruit             |       |     4 |     3 ||     7
       Royal jelly       |       |     1 |       ||     1
       Chunk             |       |       |     2 ||     2
       Bread ration      |       |       |     1 ||     1
Armor: Ring mail         |    30 |    24 |    47 ||   101
Dodge: Dodged            |    37 |    39 |    84 ||   160
